 Dungeon Sprint DCSS version 0.29-a0-613-gf2c431b9b9 (webtiles) character file.

Game seed: 4578311673783934825

0 mhtbhm the Caller (level 1, -1/14 HPs)
             Began as a Demigod Summoner on June 16, 2022.
             Slain by a river rat (6 damage)
             ... in the Dungeon (Sprint IV: "Fedhas' Mad Dash").
             The game lasted 00:00:12 (16 turns).

mhtbhm the Caller (Demigod Summoner)                  Turns: 16, Time: 00:00:13

Health: -1/14      AC:  2    Str:  9    XL:     1   Next: 0%
Magic:  4/5        EV: 12    Int: 17    God:
Gold:   0          SH:  0    Dex: 14    Spells: 2/3 levels left

rFire   . . .      SeeInvis .   (no weapon)
rCold   . . .      Faith    .   (no shield)
rNeg    . . .      Spirit   .   a - +0 robe
rPois   .          Reflect  .   (no helmet)
rElec   .          Harm     .   (no cloak)
rCorr   .          Rampage  .   (no gloves)
Will    .....      NoTele   +   (no boots)
Stlth   ++........              (no amulet)
HPRegen 0.04/turn               (no ring)
MPRegen 0.09/turn               (no ring)

@: no status effects
A: high MP 1, forlorn, divine attributes
a: no special abilities


You were in the Dungeon.
You visited 1 branch

Inventory:

Armour
 a - a +0 robe (worn)
Scrolls
 g - a scroll of blinking
Potions
 b - 3 potions of magic
 c - a potion of curing
 d - a potion of heal wounds
 e - a potion of haste
 f - a potion of berserk rage


   Skills:
 + Level 1.7 Dodging
 + Level 1.7 Stealth
 + Level 1.7 Spellcasting
 + Level 3.6 Summonings


You had 2 spell levels left.
You knew the following spells:

 Your Spells              Type           Power      Damage    Failure   Level
a - Summon Small Mammal   Summ           52%        N/A       4%          1

Your spell library contained the following spells:

 Spells                   Type           Power      Damage    Failure   Level
 Call Imp                 Summ           13%        N/A       7%          2
 Call Canine Familiar     Summ           13%        N/A       14%         3
 Summon Guardian Golem    Hex/Summ       7%         N/A       28%         3
 Summon Lightning Spire   Summ/Air       7%         N/A       67%         4


Dungeon Overview and Level Annotations

Branches:
Dungeon (1/1)


Innate Abilities, Weirdness & Mutations

You have an increased reservoir of magic. (+10% MP)
You shall have no god before yourself.
Your divine heritage dramatically boosts your attributes as you level up.


Message History

Your rat completely misses the fungus.
Found a scroll labelled TOIBRUGICE.
Unknown command.
You swap places.
What are your orders? t - Shout!
Orders for allies: a - Attack new target. r - Retreat! s - Stop attacking. g - Guard the area. f - Follow me.
Anything else - Cancel.
Gang up on whom?
Press: ? - help, Dir - move target, f - river rat
Aim: a river rat (ally target) Attack!
Your bat hits the river rat but does no damage.
Unknown command.
Your bat barely misses the river rat.
The river rat misses your bat.
A nearby fungus withers and dies. x2; Your bat closely misses the river rat.
Your rat bites the river rat but does no damage.
The rat bites your bat but does no damage.
A nearby fungus withers and dies.
Your bat hits the rat but does no damage.
Your rat misses the river rat.
Your bat barely misses the river rat.
Your bat hits the rat.
Your rat closely misses the river rat.
You hit the river rat but do no damage. Your bat hits the rat.
The rat barely misses your bat. The river rat bites you.
Unknown command.
You hit the river rat but do no damage.
Your bat hits the rat but does no damage.
The river rat bites you but does no damage.
The rat closely misses your bat.
Your rat completely misses the river rat.
You closely miss the river rat.
Your bat hits the rat but does no damage.
Your rat misses the river rat. The river rat bites you!
Ouch! That really hurt!
Unknown command.
You hit the river rat but do no damage.
Your bat closely misses the rat.
The river rat bites you.
You die...

###### #####
#<...#.b...#
#PP@rr.r...+
#PP..#.....#
###### #####


You could see a river rat (ally target), a rat (distracted, ally target), a
friendly bat (summoned) and a friendly rat (summoned).

Vanquished Creatures (others)
  3 fungi (D)
3 creatures vanquished.

Notes
Turn   | Place    | Note
-------+----------+-------------------------------------------
     0 | D        | mhtbhm the Demigod Summoner began the quest for the Orb.
     0 | D        | Reached XP level 1. HP: 14/14 MP: 5/5
    16 | D        | Slain by a river rat

Illustrated notes

Levels and vault maps discovered:
D:        dungeon_sprint_fedhas [sprint_temple]

Action                   || total
-------------------------++-------
Melee: Unarmed           ||     4
 Cast: Summon Small Mamm ||     2
Armor: Robe              ||     1

Table legend: (Time is in decaauts)
 A = Elapsed time spent in this place.
 B = Non-inter-level travel time spent in this place.
 C = Inter-level travel time spent in this place.
 D = Time resting spent in this place.
 E = Time spent auto-exploring this place.
 F = Levels seen in this place.
 G = Mean time per level.
                   A        B        C        D        E       F      G
               +--------+--------+--------+--------+--------+-----+--------+
         Total |     16 |     16 |      0 |      0 |      0 |   1 |   16.0 |
       Dungeon |     16 |     16 |      0 |      0 |      0 |   1 |   16.0 |
               +--------+--------+--------+--------+--------+-----+--------+

Top non-repeatable levels by time:
       D: 16 daAuts
